 Dungeon Crawl Stone Soup version 0.21-a0-104-g7b58145 (webtiles) character file.

324 Ordine the Chopper (level 6, 0/55 HPs)
             Began as a Deep Dwarf Fighter on July 6, 2017.
             Slain by an orc
             ... wielding a +0 flail
              (3 damage)
             ... on level 3 of the Dungeon.
             The game lasted 00:10:24 (2365 turns).

Ordine the Chopper (Deep Dwarf Fighter)             Turns: 2365, Time: 00:10:25

Health: 0/55       AC:  5    Str: 20    XL:     6   Next: 23%
Magic:  6/6        EV:  9    Int: 10    God:
Gold:   178        SH: 11    Dex: 12    Spells: 2/5 levels left

rFire    . . .     SeeInvis .   a - +0 war axe
rCold    . . .     Gourm    .   c - +1 shield
rNeg     . . .     Faith    .   u - +0 leather armour {MR+}
rPois    .         Spirit   .   k - +0 helmet
rElec    .         Reflect  .   o - +0 cloak
rCorr    .         Harm     .   (no gloves)
MR       +....                  (no boots)
Stlth    +.........             (no amulet)
HPRegen  0.00/turn              (no ring)
MPRegen  0.10/turn              (no ring)

@: non-regenerating
A: damage resistance, heal wounds, sense surroundings 1, no regeneration
a: Heal Wounds


You were on level 3 of the Dungeon.
You were not hungry.

You visited 1 branch of the dungeon, and saw 3 of its levels.
You also visited: Sewer.

You collected 178 gold pieces.

Inventory:

Hand Weapons
 a - a +0 war axe (weapon)
Armour
 c - a +1 shield (worn)
 k - a +0 helmet (worn)
 o - a +0 cloak (worn)
 u - a +0 leather armour of magic resistance (worn)
Scrolls
 b - a scroll of identify
 e - 2 scrolls of amnesia
 h - a scroll of blinking
 m - a scroll of enchant armour
 n - a scroll of fear
 t - a scroll of remove curse
Potions
 d - a potion of might
 l - a potion of flight
Books
 r - a book of Necromancy

   Spells                             Type                      Level
   a - Pain                           Necromancy                   1
   b - Animate Skeleton               Necromancy                   1
   c - Vampiric Draining              Necromancy                   3
   d - Regeneration                   Charms/Necromancy            3
   e - Animate Dead                   Necromancy                   4
   f - Control Undead                 Necromancy                   4
Comestibles
 f - 2 bread rations
 i - 2 fruits
 j - 10 chunks of flesh
 p - a meat ration
 q - a royal jelly


   Skills:
 - Level 2.6 Fighting
 * Level 5.7 Axes
 - Level 3.2 Armour
 + Level 5.2 Shields
 + Level 1.4 Necromancy


You had 2 spell levels left.
You knew the following spells:

 Your Spells              Type           Power        Failure   Level  Hunger
a - Vampiric Draining     Necr           #.........   95%         3    ####...


Dungeon Overview and Level Annotations

Branches:
Dungeon (3/15)

Altars:
Xom


Innate Abilities, Weirdness & Mutations

You are resistant to damage.
You can heal yourself by infusing magical energy.
You passively map a small area around you.
You do not regenerate.


Message History

You butcher the orc corpse. x2
j - 8 chunks of flesh (gained 3);
j - 10 chunks of flesh (gained 2)
Items here: ))) [ รท a dagger of speed; a robe; a dagger; a club; an orc skeleton An orc comes into view.
It is wielding a flail.
The orc shouts!
The orc throws a tomahawk.
You block the tomahawk.
You see here a tomahawk.
An orc comes into view. It is wielding a club.
The orc shouts!
You hear a shout! x2
You block the orc's attack.
You closely miss the orc. The orc hits you with a flail.
Your shield prevents you from hitting the orc.
The orc hits you but does no damage. 2 orcs come into view.
You closely miss the orc. The orc hits you with a flail!
* * * LOW HITPOINT WARNING * * *
Your shield prevents you from hitting the orc.
The orc hits you with a flail.
You die...

.##* * .# , . * .#* *
#. .# , *.### ## .# *
* .#.,.# .# * * .o#.#
## *oo. * #o# * * #@#
#.# ,** * * #.# *, ,
#(# * * * #.# * #.#
###########.######.
#..................
####)########..#######


You could see 4 orcs.

Vanquished Creatures
  A crocodile (Sewer)
  Crazy Yiuf (D:2)
  Terence (D:2)
  An orc wizard (D:3)
  Robin (D:2)
  A gnoll (D:1)
  4 adders
  An ooze (D:3)
  4 worms
  3 dart slugs (D:2)
  3 leopard geckos (D:2)
  2 orcs (D:3)
  A ball python (D:3)
  2 giant cockroaches
  10 hobgoblins
  7 jackals (D:2)
  A quokka (D:2)
  10 bats
  4 frilled lizards
  14 goblins
  10 kobolds
  6 rats
88 creatures vanquished.

Notes
Turn   | Place    | Note
-------+----------+-------------------------------------------
     0 | D:1      | Ordine the Deep Dwarf Fighter began the quest for the Orb.
     0 | D:1      | Reached XP level 1. HP: 20/20 MP: 1/1
   159 | D:1      | Reached XP level 2. HP: 25/27 MP: 2/2
   435 | D:1      | Reached XP level 3. HP: 11/33 MP: 3/3
   513 | D:1      | Found a shimmering altar of Xom.
   939 | D:2      | Noticed Robin
   954 | D:2      | Killed Robin
   960 | D:2      | Reached XP level 4. HP: 36/40 MP: 4/4
  1012 | D:2      | Noticed Terence
  1021 | D:2      | Killed Terence
  1322 | D:2      | Found a runed door.
  1415 | D:2      | Reached XP level 5. HP: 24/46 MP: 5/5
  1742 | D:2      | Reached skill level 5 in Axes
  1817 | D:2      | Noticed Crazy Yiuf
  1829 | D:2      | Killed Crazy Yiuf
  1956 | D:3      | Learned a level 3 spell: Vampiric Draining
  2039 | D:3      | Found a glowing drain.
  2055 | Sewer    | Entered a sewer
  2090 | Sewer    | Noticed a crocodile
  2103 | Sewer    | Killed a crocodile
  2103 | Sewer    | Reached skill level 5 in Shields
  2103 | Sewer    | Reached skill level 1 in Necromancy
  2103 | Sewer    | Reached XP level 6. HP: 14/55 MP: 6/6
  2365 | D:3      | Slain by an orc

Vault maps used:
D:1:      shiori_arrival_elements, serial_bayou_pond_d, xom_teletrap_fun
D:2:      uniq_crazy_yiuf_cottage, uniq_terence, uniq_robin
D:3:      cheibrodos_sewer_entry_sluice
Sewer:    sewer_big_baddie

Skill      XL: |  1  2  3  4  5 |
---------------+----------------+-----
Axes           | 3 4 5 |  5.7
Shields        | 4 5 |  5.2
Necromancy     | 1 |  1.4
Fighting       | |  2.6
Armour         | |  3.2

Action                   |  1- 3 |  4- 6 || total
-------------------------+-------+-------++-------
Melee: War axe           |    96 |   193 ||   289
 Abil: Heal Wounds       |     1 |       ||     1
  Use: Scroll            |     6 |     5 ||    11
       Potion            |       |     4 ||     4
  Eat: Chunk             |       |     5 ||     5
Armor: Scale mail        |    43 |    69 ||   112
       Skin              |       |     8 ||     8
       Leather armour    |       |     6 ||     6
Dodge: Dodged            |    24 |    50 ||    74
Block: Shield            |    76 |   134 ||   210
